 Dungeon Crawl Stone Soup version 0.24.0 (webtiles) character file.

Game seed: 152237040745511075, levelgen mode: deterministic

31958 Buxparty the Nimble (level 13, 0/65 HPs)
             Began as a Spriggan Enchanter on Jan 28, 2020.
             Was an Elder of Dithmenos.
             Slain by a death yak (11 damage)
             ... on level 3 of the Lair of Beasts on Jan 29, 2020.
             The game lasted 01:54:40 (24978 turns).

Buxparty the Nimble (Spriggan Enchanter)           Turns: 24978, Time: 01:54:40

Health: 0/65       AC:  6    Str:  4    XL:     13   Next: 28%
Magic:  7/27       EV: 29    Int: 20    God:    Dithmenos [****..]
Gold:   1015       SH: 10    Dex: 18    Spells: 22/31 levels left

rFire    + . .     SeeInvis +   q - +4 short sword (protect)
rCold    + + .     Gourm    .   I - +0 buckler
rNeg     + . .     Faith    .   R - +1 robe {rC+ rF+}
rPois    .         Spirit   .   (helmet restricted)
rElec    .         Reflect  +   j - +2 cloak
rCorr    .         Harm     .   (gloves unavailable)
MR       ++...                  (boots unavailable)
Stlth    +++++++...             E - +2 amulet of reflection
HPRegen  0.20/turn              h - ring of protection from cold
MPRegen  0.20/turn              T - ring of positive energy

@: wreathed by umbra, studying Translocations, very quick
A: very small, unfitting armour, see invisible, herbivore, speed 3, slow
metabolism 2
a: Shadow Step, Renounce Religion


You were on level 3 of the Lair of Beasts.
You worshipped Dithmenos.
Dithmenos was greatly pleased with you.
You were not hungry.

You visited 3 branches of the dungeon, and saw 17 of its levels.
You also visited: Ossuary.

You collected 1015 gold pieces.

Inventory:

Hand Weapons
 a - the +5 quick blade of the Pariah {antimagic, rF++}
   (You found it on level 2 of the Lair of Beasts)

   It reduces the magical energy of the wielder, and disrupts the spells and
   magical abilities of those hit.
   Natural abilities and divine invocations are not affected.
   It greatly protects you from fire.
 b - a +5 hunting sling of freezing
 q - a +4 short sword of protection (weapon)
Missiles
 l - 99 sling bullets
 y - 6 curare-tipped darts (quivered)
 B - 54 poisoned darts
 C - 13 throwing nets
Armour
 j - a +2 cloak (worn)
 m - a +0 robe
 I - a +0 buckler (worn)
 R - a +1 robe of resistance (worn)
 W - +0 fire dragon scales
Jewellery
 h - a ring of protection from cold (left hand)
 t - an uncursed ring of stealth
 E - a +2 amulet of reflection (around neck)
 T - a ring of positive energy (right hand)
 V - an uncursed ring of protection from fire
Wands
 n - a wand of enslavement (6)
 F - a wand of random effects (15)
 G - a wand of polymorph (7)
 K - a wand of flame (27)
 M - a wand of disintegration (9)
 N - a wand of acid (6)
 S - a wand of scattershot (4)
Scrolls
 c - 5 scrolls of teleportation
 e - 9 scrolls of remove curse
 g - 19 scrolls of identify
 v - 3 scrolls of fog {unknown}
 w - a scroll of blinking
 z - a scroll of enchant weapon
 D - a scroll of fear
 L - 2 scrolls of vulnerability
Potions
 f - 2 potions of mutation {unknown}
 i - 3 potions of curing
 k - a potion of cancellation {unknown}
 o - 2 potions of degeneration {unknown}
 p - 5 potions of lignification {unknown}
 r - 5 potions of flight {unknown}
 s - 2 potions of berserk rage
 u - a potion of brilliance {unknown}
 x - 5 potions of heal wounds {unknown}
 H - 2 potions of magic {unknown}
 J - 3 potions of might
 Q - 4 potions of agility
 Y - a potion of haste {unknown}
Books
 A - a manual of Translocations
Comestibles
 d - 10 rations


   Skills:
 + Level 5.9 Fighting
 - Level 12.3 Short Blades
 + Level 7.1 Slings
 - Level 12.4 Dodging
 + Level 9.7 Stealth
 + Level 5.8 Shields
 + Level 9.7 Spellcasting
 + Level 9.5 Hexes
 - Level 7.0 Translocations
 + Level 5.7 Evocations


You had 22 spell levels left.
You knew the following spells:

 Your Spells              Type           Power        Failure   Level  Hunger
a - Corona                Hex            #####..      1%          1    None
b - Ensorcelled Hibernat  Hex/Ice        ####..       1%          2    None
c - Confuse               Hex            #####...     1%          3    None
d - Dazzling Spray        Conj/Hex       ####..       3%          3    None

Your spell library contained the following spells:

 Spells                   Type           Power        Failure   Level  Hunger
 Tukima's Dance           Hex            #####...     1%          3    None
 Animate Skeleton         Necr           N/A          8%          1    None
 Pain                     Necr           #...         8%          1    None
 Regeneration             Chrm/Necr      #.........   22%         3    None
 Vampiric Draining        Necr           #.........   22%         3    None
 Animate Dead             Necr           N/A          58%         4    ##.....


Dungeon Overview and Level Annotations

Branches:
Dungeon (13/15)            Temple (1/1) D:5            Lair (3/6) D:9
 Spider (0/4) Lair:2          Orc (0/2) D:10        Ossuary (visited)
  Swamp: Lair:2-4    Shoals: Lair:2-4    Vaults: D:13-14

Altars:
Ashenzari
Cheibriados
Dithmenos
Elyvilon
Fedhas
Gozag
Hepliaklqana
Kikubaaqudgha
Makhleb
Nemelex Xobeh
Okawaru
Qazlal
Ru
Sif Muna
Trog
Uskayaw
Vehumet
Wu Jian
Xom
Yredelemnul
Zin
The Shining One

Shops:
D:10 =(   D:13 *

Portals:
Trove: D:11 (show abyssal rune of Zot)

Annotations:
D:3 1 runed translucent door, 7bone's ghost, amateur DrBe
D:11 3 runed translucent doors, exclusions: obsidian statue and orange crystal statue, Ivote Orae's ghost, journeyman MiAK
D:13 Kirke


Innate Abilities, Weirdness & Mutations

You are very small and have problems with some larger weapons.
You are too small for most types of armour.
You have supernaturally acute eyesight. (SInv)
You are a herbivore.
You cover ground extremely quickly.
You need to consume almost no food.


Message History

Press: ? - help, Shift-Dir - straight line, f/p - death yak
Aim: a death yak (lightly wounded, umbra)
The spray of energy misses the death yak.
The spray of energy hits the death yak.
The death yak is lightly wounded.
The death yak misses you.
Casting: Dazzling Spray (safe; 3% risk of failure)
Confirm with . or Enter, or press ? or * to list all spells.
Aiming: Dazzling Spray (safe; 3% risk of failure)
Press: ? - help, Shift-Dir - straight line, f/p - death yak
Aim: a death yak (lightly wounded, umbra)
The spray of energy hits the death yak!
The death yak is heavily wounded.
The spray of energy hits the death yak but does no damage.
The death yak is lightly wounded.
The death yak gores you!! x2
* * * LOW HITPOINT WARNING * * *
The death yak misses you. The death yak gores you!
You die...

........# #.# ###.....#.# #.
#......# ## #...#...## ..
#......# #...#...... #......
##..#.#.PPP #.....##
#......... #......# ###
###.........
##.....######P###P..........
#P......................)...
##............@.Y....#.#...#
##.............YY..........P
#....#####.##...............
##...# ##.#...............
#....# #........###.#..
##...# ##.............
#...## ##.........##..
##.Y.P## #............
#.....P# ###............


You could see 3 death yaks.

Vanquished Creatures
  A hydra (Lair:2)
  A centaur warrior (D:9)
  Erolcha (D:9)
  11 death yaks
  A two-headed ogre (D:13)
  An unseen horror (D:13)
  2 ugly things
  A manticore (D:12)
  2 spiny frogs
  A kobold demonologist (D:10)
  2 komodo dragons
  5 trolls
  A troll (shapeshifter) (D:13)
  3 blink frogs (Lair:1)
  A meliai zombie (D:13)
  A hornet (D:7)
  3 hippogriffs
  2 redbacks (Lair:2)
  A spriggan (D:7)
  A wyvern (D:13)
  2 wraiths
  33 yaks
  3 hogs (D:13)
  A basilisk (D:13)
  A hungry ghost (D:7)
  Menkaure (D:7)
  A soldier ant (D:13)
  5 water moccasins
  5 porcupines
  6 orc warriors
  2 sky beasts
  A hornet zombie (D:7)
  A necrophage (D:8)
  An ice beast (D:8)
  2 phantoms
  8 ogres
  A wolf (D:6)
  10 centaurs
  5 crocodiles
  3 big kobolds
  9 bullfrogs
  6 gnoll sergeants
  A wyvern skeleton (D:7)
  4 scorpions
  14 killer bees
  8 wights
  8 howler monkeys
  3 crimson imps
  A quasit (D:13)
  3 centaur zombies
  A human zombie (Ossuary)
  11 hounds
  2 jellies
  11 orc priests
  Crazy Yiuf (D:2)
  10 orc wizards
  5 centaur skeletons
  2 gnoll shamans (D:7)
  7 iguanas
  10 worker ants
  5 hell rats (D:9)
  A hound skeleton (D:7)
  3 mummies (Ossuary)
  A howler monkey zombie (D:7)
  2 worker ant zombies
  30 gnolls
  A howler monkey skeleton (D:4)
  14 adders
  An adder skeleton (D:8)
  An adder zombie (D:7)
  4 worms
  A dart slug (D:1)
  8 leopard geckos
  35 orcs
  A ball python (D:2)
  8 bats
  2 giant cockroaches
  A gnoll zombie (Ossuary)
  3 goblins
  7 hobgoblins
  11 jackals
  6 quokkas
  2 frilled lizards
  A goblin zombie (Ossuary)
  2 hobgoblin zombies (Ossuary)
  23 kobolds
  4 kobold zombies (Ossuary)
  3 leopard gecko skeletons
  2 quokka zombies (D:7)
  6 rats
440 creatures vanquished.

Vanquished Creatures (others)
  A human (D:13)
  A centaur (D:11)
  A gnoll (D:7)
  4 fungi
  A withered plant (D:3)
8 creatures vanquished.

Grand Total: 448 creatures vanquished

Notes
Turn   | Place    | Note
-------+----------+-------------------------------------------
     0 | D:1      | Buxparty the Spriggan Enchanter began the quest for the
                  | Orb.
     0 | D:1      | Reached XP level 1. HP: 9/9 MP: 5/5
   399 | D:1      | Reached XP level 2. HP: 13/13 MP: 7/7
   403 | D:1      | Learned a level 2 spell: Ensorcelled Hibernation
   845 | D:2      | Reached skill level 5 in Stealth
  1616 | D:2      | Reached XP level 3. HP: 16/16 MP: 5/8
  1777 | D:2      | Found a runed translucent door.
  1778 | D:2      | Noticed Crazy Yiuf
  2164 | D:2      | Killed Crazy Yiuf
  2164 | D:2      | Reached XP level 4. HP: 21/21 MP: 7/10
  3171 | D:3      | Found a runed translucent door.
  3175 | D:3      | Noticed 7bone's ghost (amateur DrBe)
  3329 | D:4      | Found a sand-covered staircase.
  3334 | Ossuary  | Entered an ossuary
  3334 | Ossuary  | Noticed a wraith
  3334 | Ossuary  | Noticed a wraith
  3334 | Ossuary  | Noticed a wraith
  3372 | Ossuary  | Learned a level 3 spell: Confuse
  3385 | Ossuary  | Reached skill level 5 in Hexes
  3385 | Ossuary  | Reached XP level 5. HP: 22/24 MP: 9/12
  3735 | Ossuary  | Noticed a wraith
  3745 | Ossuary  | Killed a wraith
  3745 | Ossuary  | Reached XP level 6. HP: 28/28 MP: 6/14
  3976 | D:4      | Reached skill level 5 in Spellcasting
  3985 | D:4      | Reached XP level 7. HP: 32/32 MP: 9/15
  4586 | D:4      | Reached skill level 1 in Slings
  4783 | D:4      | Found a glowing golden altar of the Shining One.
  4783 | D:4      | Found a radiant altar of Vehumet.
  4833 | D:4      | Found a glowing silver altar of Zin.
  4997 | D:5      | Entered Level 5 of the Dungeon
  5000 | D:5      | Reached skill level 5 in Short Blades
  5025 | D:5      | Noticed a yak
  5026 | D:5      | Reached XP level 8. HP: 28/36 MP: 12/17
  5817 | D:5      | Found a staircase to the Ecumenical Temple.
  5953 | Temple   | Entered the Ecumenical Temple
  6426 | D:6      | Found a sparkling altar of Nemelex Xobeh.
  6610 | D:6      | Reached skill level 5 in Dodging
  6754 | D:6      | Found a white marble altar of Elyvilon.
  7652 | D:7      | Reached XP level 9. HP: 38/39 MP: 16/19
  8418 | D:7      | Found an ornate altar of the Wu Jian Council.
  8701 | D:7      | Reached skill level 1 in Translocations
 10099 | D:7      | Noticed Menkaure
 10363 | D:7      | Killed Menkaure
 10363 | D:7      | Reached skill level 5 in Translocations
 10403 | D:7      | Reached skill level 1 in Shields
 10576 | D:7      | Reached XP level 10. HP: 44/44 MP: 22/22
 11057 | D:8      | Found a hide-covered altar of Uskayaw.
 11092 | D:8      | Found a shimmering altar of Xom.
 11203 | D:8      | Found a shattered altar of Ashenzari.
 11574 | D:8      | Found a shimmering blue altar of Sif Muna.
 11973 | D:9      | Found a blossoming altar of Fedhas.
 12063 | D:9      | Reached skill level 1 in Fighting
 12110 | D:9      | Noticed a death yak
 12112 | D:9      | Found a staircase to the Lair.
 12370 | D:9      | Noticed a death yak
 12372 | D:9      | Noticed a death yak
 12783 | D:9      | Learned a level 3 spell: Dazzling Spray
 13012 | D:9      | Noticed a centaur warrior
 13419 | D:9      | Killed a death yak
 13419 | D:9      | Reached skill level 10 in Short Blades
 13493 | D:9      | Noticed Erolcha
 13504 | D:8      | Found a shadowy altar of Dithmenos.
 13511 | D:8      | Became a worshipper of Dithmenos the Shadowed
 13626 | D:10     | Entered Level 10 of the Dungeon
 13626 | D:10     | Found a staircase to the Orcish Mines.
 13626 | D:10     | Found Rehoph's Weapon Boutique.
 13841 | D:10     | Found Vaosm's Jewellery Boutique.
 14252 | D:10     | Reached XP level 11. HP: 51/51 MP: 18/24
 15929 | D:11     | Noticed a purple ugly thing
 16332 | D:10     | Killed a purple ugly thing
 16577 | D:11     | Reached * piety under Dithmenos
 16928 | D:11     | Reached skill level 10 in Dodging
 17181 | D:11     | Found a portal to a secret trove of treasure.
 17206 | D:11     | Found a runed translucent gate.
 17206 | D:11     | Found a runed translucent gate.
 17206 | D:11     | Found a runed translucent gate.
 17207 | D:11     | Found an opulent altar of Gozag.
 17208 | D:11     | Noticed Ivote Orae's ghost (journeyman MiAK)
 17209 | D:11     | Noticed a fire dragon
 17209 | D:11     | Noticed a deep elf annihilator
 17249 | D:11     | Noticed an orange crystal statue
 17249 | D:11     | Noticed an obsidian statue
 17727 | D:12     | Reached ** piety under Dithmenos
 18568 | D:13     | Noticed a two-headed ogre
 18617 | D:13     | Killed a two-headed ogre
 18917 | D:13     | Found Itet's Assorted Antiques.
 18923 | D:13     | Noticed Kirke
 18949 | D:13     | Noticed a soul eater
 18950 | D:13     | Reached XP level 12. HP: 58/58 MP: 22/25
 19393 | D:13     | Reached skill level 1 in Evocations
 19414 | D:13     | Reached skill level 5 in Slings
 19451 | D:13     | Reached *** piety under Dithmenos
 20027 | D:9      | Killed Erolcha
 20027 | D:9      | Reached skill level 5 in Shields
 20101 | Lair:1   | Entered Level 1 of the Lair of Beasts
 20148 | Lair:1   | Noticed a death yak
 20148 | Lair:1   | Noticed a death yak
 20148 | Lair:1   | Noticed a death yak
 20148 | Lair:1   | Noticed a death yak
 20148 | Lair:1   | Noticed a death yak
 20148 | Lair:1   | Noticed a death yak
 20605 | Lair:1   | Reached skill level 5 in Fighting
 20895 | D:9      | Killed a death yak
 21153 | D:9      | Killed a death yak
 21446 | Lair:1   | Killed a death yak
 21725 | D:9      | Killed a death yak
 21743 | D:9      | Killed a death yak
 21968 | Lair:1   | Killed a death yak
 22084 | D:9      | Killed a death yak
 22401 | D:9      | Killed a centaur warrior
 22401 | D:9      | Reached skill level 5 in Evocations
 22401 | D:9      | Reached XP level 13. HP: 55/64 MP: 19/27
 23131 | Lair:2   | Found a hole to the Spider Nest.
 23275 | Lair:2   | Reached **** piety under Dithmenos
 23293 | Lair:2   | Got a scorched quick blade
 23294 | Lair:2   | Identified the +5 quick blade of the Pariah {antimagic,
                  | rF++} (You found it on level 2 of the Lair of Beasts)
 24978 | Lair:3   | Slain by a death yak

Levels and vault maps discovered:
D:1:      psy_arrival_whirlpool, layout_rooms, eino_curves_01
D:2:      kennysheep_six_static_rooms, layout_rooms, minmay_pentomino_x2,
          uniq_crazy_yiuf_cottage
D:3:      layout_loops_ring, first_ration, gammafunk_ghost_grave, minivault_4
D:4:      layout_rooms, zin_academy, grunt_temple_overflow_open, enter_ossuary_2
D:5:      layout_rooms, minmay_temple_entry_trees, minmay_manual_mess
D:6:      layout_loops_corners, basic_altar, elyvilon_altar_5
D:7:      layout_cave_pools, serial_gnoll_camp, gnoll_camp_mini_basic,
          gnoll_camp_huts_moat, gnoll_camp_mini_basic, gnoll_camp_medium_01,
          basic_altar, serial_bayou_pond_e, the_bakery,
          minmay_misc_feat_diagonals, uniq_menkaure
D:8:      layout_basic, nicolae_overflow_hidden_temple,
          nicolae_overflow_crystal_walls
D:9:      layout_loops_ring, lemuel_round_altar, dpeg_lair_monsters,
          uniq_erolcha
D:10:     layout_cave_pods, orc_david_3, serial_shops, nicolae_shop_statue_plus
D:11:     layout_big_octagon, enter_trove_2, ebering_ghost_gozag, david_greed
D:12:     layout_cave_pools
D:13:     layout_irregular_city, ximxim_vaults_locker_room, serial_shops,
          kennysheep_mini_moat, uniq_kirke
Temple:   oiseaux_autumnal_temple
Lair:1:   layout_roguey, minmay_stone_trees_small
Lair:2:   layout_gridlike, spider_nest_entry_webs
Lair:3:   layout_chaotic_city
